 Dungeon Crawl Stone Soup version 0.30-a0-737-gf23d94013f (webtiles) character file.

Game seed: 6085917010228404787

239 gelatine the Firebug (level 5, -4/38 HPs)
             Began as a Demonspawn Fire Elementalist on Feb 2, 2023.
             Frozen to death by an endoplasm (5 damage)
             ... on level 3 of the Dungeon.
             The game lasted 00:04:15 (2428 turns).

gelatine the Firebug (Demonspawn Fire Elementalist) Turns: 2428, Time: 00:04:15

Health: -4/38      AC:  3    Str:  8    XL:     5   Next: 79%
Magic:  0/8        EV: 12    Int: 18    God:
Gold:   88         SH:  0    Dex: 14    Spells: 6/9 levels left

rFire   . . .      SeeInvis .    h - +3 whip
rCold   . . .      Faith    .    (no shield)
rNeg    . . .      Spirit   .    a - +0 robe
rPois   .          Reflect  .    (no helmet)
rElec   .          Harm     .    i - scarf {repulsion}
rCorr   .          Rampage  .    (no gloves)
Will    .....                    (no boots)
Stlth   ++                       (no amulet)
HPRegen 0.26/turn                (no ring)
MPRegen 0.11/turn                (no ring)

@: repel missiles
A: sharp scales 1, demonic touch 2
a: no special abilities


You were on level 3 of the Dungeon.
You visited 1 branch of the dungeon, and saw 3 of its levels.

You collected 88 gold pieces.

Inventory:

Hand Weapons
 b - a +3 scythe
 g - a +0 dagger of draining
 h - a +3 whip (weapon)
 o - a +1 dagger of speed
Armour
 a - a +0 robe (worn)
 i - a scarf of repulsion (worn)
 j - a +0 pair of gloves
 k - a scarf of invisibility
Wands
 d - a wand of light (6)
Scrolls
 c - 3 scrolls of identify {unknown}
 e - 2 scrolls of teleportation {unknown}
Potions
 f - a potion of curing
 l - a potion of heal wounds {unknown}
 m - a potion of mutation {unknown}
 n - a potion of brilliance {unknown}


   Skills:
 * Level 2.0 Fighting
 + Level 0.3 Short Blades
 + Level 0.2 Maces & Flails
 * Level 2.3 Dodging
 + Level 2.1 Stealth
 + Level 2.6 Spellcasting
 * Level 2.5 Conjurations
 * Level 4.1 Fire Magic


You had 6 spell levels left.
You knew the following spells:

 Your Spells              Type           Power      Damage    Failure   Level
a - Foxfire               Conj/Fire      56%        2x1d6     4%          1
b - Scorch                Fire           34%        2d6       4%          2

Your spell library contained the following spells:

 Spells                   Type           Power      Damage    Failure   Level
 Static Discharge         Conj/Air       14%        2-3/arc   16%         2
 Beastly Appendage        Tmut           4%         N/A       17%         1
 Inner Flame              Hex/Fire       9%         N/A       22%         3
 Wereblood                Tmut           2%         N/A       26%         2
 Kindle Blastsparks       Fire/Tloc/Air  14%        2d11      28%         3
 Flame Wave               Conj/Fire      14%        2d6       38%         4
 Spider Form              Tmut/Pois      2%         N/A       45%         3
 Vhi's Electric Charge    Tloc/Air       4%         N/A       45%         3
 Arcjolt                  Conj/Air       3%         1d13      95%         5
 Lightning Bolt           Conj/Air       3%         1d15      95%         5


Dungeon Overview and Level Annotations

Branches:
Dungeon (3/15)

Altars:
Ru

Annotations:
D:3 Ijyb


Innate Abilities, Weirdness & Mutations

You are partially covered in razor-sharp scales. (AC +1, Slay +1)
Your touch may inflict irresistible damage on your foes.


Message History

Casting: Scorch (safe; 4% risk of failure)
Confirm with . or Enter, or press ? or * to list all spells.
You don't have enough magic to cast this spell.
Casting: Scorch (safe; 4% risk of failure)
Confirm with . or Enter, or press ? or * to list all spells.
You don't know that spell.
You closely miss Ijyb. Your touch misses Ijyb.
Ijyb is heavily wounded.
Ijyb drinks a potion.
Ijyb is healed!
You hit Ijyb. Your touch misses Ijyb.
Ijyb is lightly wounded.
Ijyb hits you with a +0 dagger.
An endoplasm comes into view.
Ijyb hits you with a +0 dagger.
You closely miss Ijyb.
You touch Ijyb!
Ijyb is heavily wounded.
Ijyb hits you with a +0 dagger.
You hit Ijyb but do no damage.
Ijyb is heavily wounded.
Ijyb misses you.
You barely miss Ijyb.
Ijyb is heavily wounded.
Ijyb hits you with a +0 dagger.
You barely miss Ijyb.
Ijyb is heavily wounded.
Ijyb zaps a wand.
The puff of flame hits you! The endoplasm freezes you.
You are frozen.
You hit Ijyb but do no damage.
You touch Ijyb!
Ijyb is almost dead.
Ijyb zaps a wand.
The puff of flame hits you!
* * * LOW HITPOINT WARNING * * *
The endoplasm hits you.
* * * LOW HITPOINT WARNING * * *
Casting: Scorch (safe; 4% risk of failure)
Confirm with . or Enter, or press ? or * to list all spells.
You conjure some foxfire!
The endoplasm freezes you.
You are frozen.
You die...

##..##...#
#....#...##
##.#........
...........
#..........
#..........
#..Jg..#
#..@v..#
#...v..#
###.#### #.#
#.# #.#
#.########
#........##
##.........#


You could see Ijyb (ally target) and an endoplasm.

Vanquished Creatures
  Sigmund (D:3)
  An adder (D:3)
  A gnoll (D:1)
  A worm (D:2)
  2 dart slugs (D:2)
  5 bats
  3 endoplasms
  2 giant cockroaches (D:1)
  3 hobgoblins
  4 jackals (D:1)
  6 kobolds
  4 quokkas
  5 ball pythons
  2 frilled lizards
  2 goblins
  A rat (D:1)
43 creatures vanquished.

Vanquished Creatures (others)
  108 foxfires
  5 toadstools (D:1)
113 creatures vanquished.

Grand Total: 156 creatures vanquished

Notes
Turn   | Place    | Note
-------+----------+-------------------------------------------
     0 | D:1      | gelatine the Demonspawn Fire Elementalist began the quest
                  | for the Orb.
     0 | D:1      | Reached XP level 1. HP: 13/13 MP: 3/3
   168 | D:1      | Reached skill level 3 in Fire Magic
   168 | D:1      | Gained mutation: Your touch may inflict minor irresistible
                  | damage on your foes. [demonic ancestry]
   168 | D:1      | Reached XP level 2. HP: 15/19 MP: 0/5
   736 | D:1      | Reached XP level 3. HP: 23/25 MP: 3/6
   855 | D:1      | Learned a level 2 spell: Scorch
   940 | D:2      | Reached skill level 1 in Fighting
  1332 | D:2      | Found a sacrificial altar of Ru.
  2323 | D:3      | Gained mutation: You are partially covered in razor-sharp
                  | scales. (AC +1, Slay +1) [demonic ancestry]
  2323 | D:3      | Reached XP level 4. HP: 17/32 MP: 2/7
  2324 | D:3      | Noticed Sigmund
  2329 | D:3      | Killed Sigmund
  2330 | D:3      | Reached skill level 4 in Fire Magic
  2330 | D:3      | Gained mutation: Your touch may inflict irresistible damage
                  | on your foes. [demonic ancestry]
  2330 | D:3      | Reached XP level 5. HP: 22/38 MP: 6/8
  2413 | D:3      | Noticed Ijyb
  2427 | D:3      | HP: 1/38 [endoplasm (1)]
  2428 | D:3      | Frozen to death by an endoplasm

Illustrated notes

Levels and vault maps discovered:
D:1:      ldierk_walled_garden, layout_basic, minmay_pentomino_s2
D:2:      layout_loops_corners, basic_altar, serial_co_window_serial,
          co_window_paths_a, co_window_of_opportunity_a, co_window_paths_a,
          co_window_cross_1, co_window_paths_a, co_window_corner_b,
          co_window_broadway_c, co_window_2corner, co_window_paths_e,
          co_window_sun, glass_columns_a, glass_columns_c, glass_columns_a,
          glass_columns_a
D:3:      layout_basic, minmay_misc_feat_enclosed, uniq_sigmund,
          uniq_crazy_yiuf_cottage, uniq_ijyb

Skill      XL: |  1  2  3  4 |
---------------+-------------+-----
Stealth        | 2 |  2.1
Fire Magic     | 3 4 |  4.1
Fighting       | 1 2 |  2.0
Dodging        | 2 |  2.3
Conjurations   | 2 |  2.5
Short Blades   | |  0.3
Maces & Flails | |  0.2
Spellcasting   | |  2.6

Action                     |  1- 3 |  4- 6 || total
---------------------------+-------+-------++-------
  Melee: Unarmed           |     4 |       ||     4
         Short sword       |    33 |       ||    33
         Touch             |     6 |     2 ||     8
         Whip              |    12 |     7 ||    19
         Dagger            |     2 |       ||     2
   Cast: Foxfire           |    59 |     8 ||    67
         Scorch            |     1 |     5 ||     6
    Use: Potion            |       |     1 ||     1
 Armour: Robe              |    11 |       ||    11
  Dodge: Dodged            |    55 |     2 ||    57

Table legend: (Time is in decaauts)
 A = Elapsed time spent in this place.
 B = Non-inter-level travel time spent in this place.
 C = Inter-level travel time spent in this place.
 D = Time resting spent in this place.
 E = Time spent auto-exploring this place.
 F = Levels seen in this place.
 G = Mean time per level.
                   A        B        C        D        E       F      G
               +--------+--------+--------+--------+--------+-----+--------+
         Total |   2429 |   2264 |    165 |      0 |   1964 |   3 |  809.7 |
       Dungeon |   2429 |   2264 |    165 |      0 |   1964 |   3 |  809.7 |
               +--------+--------+--------+--------+--------+-----+--------+

Top non-repeatable levels by time:
     D:2: 1370 daAuts
     D:1: 932 daAuts
     D:3: 126 daAuts
